 Dungeon Crawl Stone Soup version 0.31-a0-702-gf82c85558f (webtiles) character file.

Game seed: 11111489066569092654

44 qw the Shooter (level 3, -6/22 HPs)
             Began as a Gargoyle Hunter on Sept 8, 2023.
             Mangled by Sigmund
             ... wielding a +0 scythe
              (10 damage)
             ... on level 2 of the Dungeon.
             The game lasted 00:00:23 (1040 turns).

qw the Shooter (Gargoyle Hunter)                    Turns: 1040, Time: 00:00:23

Health: -6/22      AC:  6    Str: 14    XL:     3   Next: 60%
Magic:  1/1        EV: 16    Int:  9    God:
Gold:   110        SH:  0    Dex: 15    Spells: 2/2 levels left

rFire   . . .        a - +4 shortbow of Mufoschue {antimagic, rElec Will++}
rCold   . . .        (shield currently unavailable)
rNeg    + . .        c - +0 leather armour
rPois   inf          (no helmet)
rElec   +            (no cloak)
rCorr   .            (no gloves)
SInv    .            (no boots)
Will    ++...        (no amulet)
Stlth   ++           d - +5 ring of evasion
HPRegen 0.23/turn    (no ring)
MPRegen 0.07/turn

%: no passive effects
@: no status effects
A: sickness immunity, AC +3, negative energy resistance 1, electricity
resistance, torment resistance 1, petrification resistance
a: no special abilities


You were on level 2 of the Dungeon.
You visited 1 branch of the dungeon, and saw 2 of its levels.

You collected 110 gold pieces.


Innate Abilities, Weirdness & Mutations

You are immune to sickness and miasma.
Your stone body is resilient. (AC +3)
You are immune to poison.
You resist negative energy. (rN+)
You are resistant to electric shocks. (rElec)
You are resistant to unholy torment.
You are immune to petrification.


   Skills:
 + Level 2.8 Fighting
 - Level 5.0 Ranged Weapons
 - Level 1.5 Dodging
 - Level 1.1 Stealth


You had 2 spell levels left.
You didn't know any spells.
Your spell library was empty.

Inventory:

Hand Weapons
 a - the +4 shortbow of Mufoschue (weapon) {antimagic, rElec Will++}
   (You acquired it on level 1 of the Dungeon)

   rElec:     It insulates you from electricity.
   Will++:    It greatly increases your willpower.
Armour
 c - a +0 leather armour (worn)
Jewellery
 d - a +5 ring of evasion (left hand)
Potions
 b - a potion of berserk rage {unknown}
 f - a potion of brilliance {unknown}
 h - a potion of haste {unknown}

Dungeon Overview and Level Annotations

Branches:
Dungeon (2/15)

Altars:

Annotations:
D:2 Sigmund


Message History

You shoot an arrow. The arrow closely misses Sigmund.
Sigmund gestures wildly while chanting.
Sigmund flickers and vanishes!
Deactivating autopickup; reactivate with Ctrl-A.
You shoot an arrow. You shoot an arrow.
A hobgoblin comes into view.
You shoot an arrow.
The arrow hits the hobgoblin but does no damage.
You shoot an arrow. The arrow hits the hobgoblin.
The hobgoblin is severely wounded.
A magic dart appears from out of thin air!
The magic dart hits you.
1025 ||| FLEEEEING.
Something barely misses you.
1026 ||| FLEEEEING.
1027 ||| FLEEEEING.
1028 ||| FLEEEEING.
You shoot an arrow. Something hits you but does no damage.
You shoot an arrow. The arrow hits the hobgoblin.
You kill the hobgoblin!
You shoot an arrow. Something hits you.
1032 ||| STILL FLEEEEING.
1033 ||| STILL FLEEEEING.
Something hits you but does no damage.
1034 ||| STILL FLEEEEING.
1035 ||| STILL FLEEEEING.
1036 ||| STILL FLEEEEING.
A puff of flame appears from out of thin air!
The puff of flame hits you!
1037 ||| STILL FLEEEEING.
You shoot an arrow. You shoot an arrow.
A magic dart appears from out of thin air!
The magic dart hits you.
You shoot an arrow. Something hits you!
You die...

........# #.###..
........# #.# ##.
........# ##.###..
.......[## #.......
#######..####### ##.......
##.......# ###........
#...###.# ##..........
##...##.#######..##.......
#.#...{.@........+......#
##+####.........###.....#.
#.......>.......# #....#.#
#...............# #.....#.
#...............# #......#
#..............(# .......
#...............#
#...............#
#...............#


There were no monsters in sight!

Vanquished Creatures
  A worm (D:2)
  2 dart slugs (D:1)
  5 ball pythons (D:1)
  4 endoplasms (D:1)
  2 giant cockroaches
  A goblin (D:1)
  3 hobgoblins
  2 kobolds (D:1)
  4 quokkas (D:1)
  4 bats
  A frilled lizard (D:2)
  3 rats
32 creatures vanquished.

Notes
Turn   | Place    | Note
-------+----------+-------------------------------------------
     0 | D:1      | qw the Gargoyle Hunter began the quest for the Orb.
     0 | D:1      | Reached XP level 1. HP: 12/12 MP: 1/1
     0 | D:1      | 0 ||| qw: Version: 0.3-a-76-g4403597
     0 | D:1      | 0 ||| qw: Game counter: 1101
     0 | D:1      | 0 ||| qw: Melee chars always use a shield: true
     0 | D:1      | 0 ||| qw: God list: Okawaru
     0 | D:1      | 0 ||| qw: Allow faded altars: false
     0 | D:1      | 0 ||| qw: Do Orc after clearing Dungeon:15 true
     0 | D:1      | 0 ||| qw: Do second Lair branch before Depths: true
     0 | D:1      | 0 ||| qw: Lair rune preference: random
     0 | D:1      | 0 ||| qw: Goals: Normal
     0 | D:1      | 0 ||| PLANNING D:1-11
    79 | D:1      | Reached XP level 2. HP: 17/17 MP: 2/2
    85 | D:1      | 85 ||| Stepping ~*~*~tactically~*~*~ (outnumbered).
   413 | D:1      | Reached XP level 3. HP: 21/21 MP: 3/3
   545 | D:1      | Reached skill level 5 in Ranged Weapons
   795 | D:1      | 795 ||| UPGRADING to +5 ring of evasion.
   796 | D:1      | 796 ||| READING scroll labelled ETUORISTUM.
   801 | D:1      | 801 ||| READING scroll labelled GOAR BYETHRORCHY.
   801 | D:1      | Identified a scroll of acquirement
   801 | D:1      | 801 ||| ACQUIRING +4 shortbow of Mufoschue {antimagic,
                  | rElec Will++}
   801 | D:1      | Acquired the +4 shortbow of Mufoschue {antimagic, rElec
                  | Will++}
   803 | D:1      | 803 ||| SWAPPING to +4 shortbow of Mufoschue {antimagic,
                  | rElec Will++}.
   804 | D:1      | 804 ||| DROPPING +0 shortbow.
   805 | D:1      | 805 ||| DROPPING scroll of butterflies.
  1019 | D:2      | Noticed Sigmund
  1025 | D:2      | 1025 ||| FLEEEEING.
  1026 | D:2      | 1026 ||| FLEEEEING.
  1027 | D:2      | 1027 ||| FLEEEEING.
  1028 | D:2      | 1028 ||| FLEEEEING.
  1039 | D:2      | HP: 3/22 [something/magic dart (5)]
  1040 | D:2      | Mangled by Sigmund

Levels and vault maps discovered:
D:1:      wander_arrival_estate, layout_basic, minmay_shallow_snake_nest
D:2:      layout_basic, basic_altar, nicolae_the_louvre, uniq_sigmund

Skill      XL: |  1  2  3 |
---------------+----------+-----
Ranged Weapons | 5 |  5.0
Fighting       | |  2.8
Dodging        | |  1.5
Stealth        | |  1.1

Action                     || total
---------------------------++-------
   Fire: Shortbow          ||    86
    Use: Scroll            ||     2
 Armour: Leather armour    ||    22
  Dodge: Dodged            ||    19

Table legend:
 A = Non-vault XP
 B = Vault XP
 C = Vault XP percentage of total XP
 D = Non-vault monster count
 E = Vault monster count
 F = Vault count percentage of total count
                 A         B        C        D         E       F
            +---------+---------+-------+---------+---------+-------
      Total |      60 |       3 |   4.8 |      30 |       2 |   6.2
            +---------+---------+-------+---------+---------+-------
        D:1 |      45 |       3 |   6.2 |      23 |       2 |   8.0
        D:2 |      15 |       0 |   0.0 |       7 |       0 |   0.0
            +---------+---------+-------+---------+---------+-------
